 Dungeon Crawl Stone Soup version 0.26-a0-478-g6c97825307 (webtiles) character file.

Game seed: 10906551335358541159

368 Infinimo the Skirmisher (level 6, 0/48 HPs)
             Began as a Demonspawn Fighter on Aug 1, 2020.
             Killed by nerve-wracking pain
             ... invoked by Grinder
              (14 damage)
             ... on level 3 of the Dungeon.
             The game lasted 00:02:31 (3121 turns).

Infinimo the Skirmisher (Demonspawn Fighter)        Turns: 3121, Time: 00:02:32

Health: 0/48       AC:  8    Str: 18    XL:     6   Next: 41%
Magic:  6/6        EV:  7    Int:  9    God:
Gold:   132        SH:  9    Dex: 13    Spells: 5/5 levels left

rFire    + . .     SeeInvis +   a - +0 long sword
rCold    . . .     Faith    .   c - +0 kite shield
rNeg     . . .     Spirit   .   b - +0 scale mail
rPois    .         Reflect  .   o - +1 hat {SInv}
rElec    .         Harm     .   (no cloak)
rCorr    .                      (no gloves)
MR       .....                  (no boots)
Stlth    ..........             (no amulet)
HPRegen  0.16/turn              (no ring)
MPRegen  0.10/turn              (no ring)

@: no status effects
A: claws 1, horns 1, fire resistance 1
a: no special abilities


You were on level 3 of the Dungeon.
You visited 1 branch of the dungeon, and saw 3 of its levels.

You collected 132 gold pieces.

Inventory:

Hand Weapons
 a - a +0 long sword (weapon)
Armour
 b - a +0 scale mail (worn)
 c - a +0 kite shield (worn)
 o - a +1 hat of see invisible (worn)
Jewellery
 q - a cursed -4 ring of evasion {unknown}
Scrolls
 e - a scroll of immolation {unknown}
 f - 2 scrolls of identify
 m - a scroll of blinking {unknown}
 r - a scroll of teleportation
 s - a scroll of remove curse {unknown}
Potions
 d - a potion of might
 g - a potion of flight
 h - a potion of resistance {unknown}
 i - a potion of ambrosia {unknown}
 j - a potion of berserk rage {unknown}
 k - a potion of magic {unknown}
 l - a potion of stabbing {unknown}
 n - a potion of brilliance {unknown}
 p - a potion of curing {unknown}


   Skills:
 + Level 4.2 Fighting
 - Level 3.3 Long Blades
 + Level 3.8 Armour
 + Level 3.7 Shields
 * Level 2.1 Unarmed Combat


You had 5 spell levels left.
You didn't know any spells.
Your spell library was empty.

Dungeon Overview and Level Annotations

Branches:
Dungeon (3/15)

Altars:
Makhleb
Nemelex Xobeh
Ru
Yredelemnul
Zin

Shops:
D:3 *

Annotations:
D:3 Grinder


Innate Abilities, Weirdness & Mutations

You have sharp fingernails.
You have a pair of small horns on your head.
Your flesh is heat resistant. (rF+)


Message History

Grinder is nearby!
Grinder is severely wounded.
You block Grinder's attack.
You hit Grinder.
Grinder is almost dead.
Grinder hits you.
You are too injured to fight recklessly!
You are too injured to fight recklessly!
You are too injured to fight recklessly!
You are too injured to fight recklessly!
Grinder is almost dead.
Grinder gestures at you. Pain shoots through your body!
* * * LOW HITPOINT WARNING * * *
You hit Grinder.
Grinder is almost dead.
Grinder blinks!
Grinder gestures at you. Pain shoots through your body!
You die...

.###.....# ##### ##
#..##.# #...##### #
#.....# ### #.#.....#
#...#.# ##.## #...###.#
#.....######..5#####.##
#.#
##..#...<............#
#.#
##..########...#######
#.# #......# ##§## #.#
#..###.# #@# #.# #..#
#.# #.# ###.####
##..###.# ##'##
#....... #.....#.#
#...## #.#.###.
#.####### ###..## #####
≈§ #.# #..(## ##⌠#⌠##§
#.# #....# #≈≈≈§≈#§ #.#
.....##....+ ##≈...≈#≈
#.# ....._#....#
#⌠≈...≈#≈


You could see Grinder.

Vanquished Creatures
  Sigmund (D:3)
  Jessica (D:2)
  2 worker ants (D:3)
  8 adders
  2 worms
  A dart slug (D:3)
  A leopard gecko (D:2)
  7 orcs (D:3)
  8 bats
  3 giant cockroaches
  3 goblins
  7 hobgoblins
  A quokka (D:2)
  5 frilled lizards
  6 kobolds
  4 rats
60 creatures vanquished.

Notes
Turn   | Place    | Note
-------+----------+-------------------------------------------
     0 | D:1      | Infinimo the Demonspawn Fighter began the quest for the
                  | Orb.
     0 | D:1      | Reached XP level 1. HP: 18/18 MP: 1/1
   210 | D:1      | Gained mutation: You have sharp fingernails. [demonic
                  | ancestry]
   210 | D:1      | Reached XP level 2. HP: 4/24 MP: 2/2
   217 | D:1      | HP: 1/24 [kobold/+0 short sword (4)]
   899 | D:2      | Reached XP level 3. HP: 24/29 MP: 3/3
  1067 | D:2      | Found a sparkling altar of Nemelex Xobeh.
  1182 | D:2      | Noticed Jessica
  1190 | D:2      | Killed Jessica
  1190 | D:2      | Gained mutation: You have a pair of small horns on your
                  | head. [demonic ancestry]
  1190 | D:2      | Reached XP level 4. HP: 31/35 MP: 4/4
  1839 | D:3      | Found a glowing silver altar of Zin.
  1840 | D:3      | Found Zin's Purification Station.
  1944 | D:3      | Gained mutation: Your flesh is heat resistant. (rF+)
                  | [demonic ancestry]
  1944 | D:3      | Reached XP level 5. HP: 26/42 MP: 5/5
  2439 | D:3      | Noticed Sigmund
  2450 | D:3      | Killed Sigmund
  2450 | D:3      | Reached skill level 4 in Fighting
  2450 | D:3      | Reached skill level 1 in Unarmed Combat
  2450 | D:3      | Reached XP level 6. HP: 45/48 MP: 6/6
  2615 | D:3      | Found a basalt altar of Yredelemnul.
  2807 | D:3      | Found a burning altar of Makhleb.
  3088 | D:3      | Noticed Grinder
  3100 | D:3      | Found a sacrificial altar of Ru.
  3104 | D:3      | Paralysed by Grinder for 3 turns
  3121 | D:3      | Killed from afar by Grinder

Illustrated notes

Levels and vault maps discovered:
D:1:      heliophobic_arrival_battle_scene, layout_rooms
D:2:      layout_rooms, lemuel_round_altar, chequers_serial_rivers_small_b,
          kennysheep_jessica_study
D:3:      layout_loops_corners, lightli_temple_of_fire,
          lemuel_coloured_pillars_altar, zin_purify,
          nicolae_overflow_hidden_temple, uniq_grinder, uniq_sigmund

Skill      XL: |  1  2  3  4  5  6 |
---------------+-------------------+-----
Long Blades    | 2 3 |  3.3
Armour         | 3 |  3.8
Shields        | 3 |  3.7
Fighting       | 4 |  4.2
Unarmed Combat | 1 2 |  2.1

Action                   |  1- 3 |  4- 6 || total
-------------------------+-------+-------++-------
Melee: Long sword        |    97 |   115 ||   212
       Headbutt          |       |    22 ||    22
  Use: Scroll            |     5 |       ||     5
Armor: Scale mail        |    58 |    30 ||    88
Dodge: Dodged            |    37 |    29 ||    66
Block: Kite shield       |    64 |    51 ||   115
       Rpst.: Long sword |    10 |    12 ||    22

Table legend: (Time is in decaauts)
 A = Elapsed time spent in this place.
 B = Non-inter-level travel time spent in this place.
 C = Inter-level travel time spent in this place.
 D = Time resting spent in this place.
 E = Time spent auto-exploring this place.
 F = Levels seen in this place.
 G = Mean time per level.
                   A        B        C        D        E       F      G
               +--------+--------+--------+--------+--------+-----+--------+
         Total |   3193 |   3129 |     64 |    201 |   2481 |   3 | 1064.3 |
       Dungeon |   3193 |   3129 |     64 |    201 |   2481 |   3 | 1064.3 |
               +--------+--------+--------+--------+--------+-----+--------+

Top non-repeatable levels by time:
     D:3: 1485 daAuts
     D:1: 906 daAuts
     D:2: 801 daAuts
